 Dungeon Crawl Stone Soup version 0.21-a0-37-g7dc85f4 (webtiles) character file.

60 Klosterheim the Gusty (level 3, -2/26 HPs)
             Began as a Draconian Air Elementalist on May 28, 2017.
             Slain by a black bear (3 damage)
             ... on level 3 of the Dungeon.
             The game lasted 00:04:47 (2651 turns).

Klosterheim the Gusty (Draconian Air Elementalist)  Turns: 2651, Time: 00:04:48

Health: -2/26      AC:  5    Str: 15    XL:     3   Next: 82%
Magic:  1/6        EV: 12    Int: 16    God:
Gold:   72         SH:  0    Dex: 11    Spells: 4/7 levels left

rFire    . . .     SeeInvis .   e - -2 dagger (curse)
rCold    . . .     Gourm    .   (no shield)
rNeg     . . .     Faith    .   (armour unavailable)
rPois    .         Spirit   .   (helmet restricted)
rElec    .         Reflect  .   (no cloak)
rCorr    .         Harm     .   (no gloves)
MR       .....                  (no boots)
Stlth    ++........             i - amulet of rage
Regen    0.1/turn               (no ring)
MPRegen  0.1/turn               (no ring)

@: mighty, very slightly contaminated
A: unfitting armour, cold-blooded, AC +5
a: Evoke Berserk Rage


You were on level 3 of the Dungeon.
You were not hungry.

You visited 1 branch of the dungeon, and saw 3 of its levels.

You collected 72 gold pieces.

Inventory:

Hand Weapons
 e - a cursed -2 dagger (weapon)
Jewellery
 i - an amulet of rage (around neck)
Scrolls
 c - 2 scrolls of fear {unknown}
 d - 4 scrolls of teleportation
 g - a scroll of noise {unknown}
Potions
 h - a potion of curing {unknown}
 j - a potion of lignification {unknown}
Books
 a - a book of Air

   Spells                             Type                      Level
   a - Shock                          Conjuration/Air              1
   b - Swiftness                      Charms/Air                   2
   c - Static Discharge               Conjuration/Air              3
   d - Airstrike                      Air                          4
   e - Lightning Bolt                 Conjuration/Air              5
Comestibles
 b - 3 bread rations
 k - a meat ration
 l - a chunk of flesh


   Skills:
 - Level 1.7 Dodging
 - Level 1.7 Stealth
 + Level 2.5 Spellcasting
 + Level 1.3 Conjurations
 * Level 4.3 Air Magic


You had 4 spell levels left.
You knew the following spells:

 Your Spells              Type           Power        Failure   Level  Hunger
a - Shock                 Conj/Air       ##..         6%          1    #......
b - Swiftness             Chrm/Air       #.......     12%         2    ##.....


Dungeon Overview and Level Annotations

Branches:
Dungeon (3/15)

Altars:
Qazlal


Innate Abilities, Weirdness & Mutations

Your plain brown scales are hard. (AC +5)
You cannot fit into any form of body armour.
You are cold-blooded and may be slowed by cold attacks.


Message History

Aim: a black bear (heavily wounded)
The zap hits the black bear.
The black bear is heavily wounded.
The zap hits the black bear.
The black bear is severely wounded.
The black bear misses you. The black bear barely misses you.
The black bear misses you.
The black bear goes berserk!
The black bear bites you!
* * * LOW HITPOINT WARNING * * *
The black bear closely misses you. The black bear barely misses you.
It was a potion of might.
You feel very mighty all of a sudden. The black bear barely misses you.
The black bear claws you.
* * * LOW HITPOINT WARNING * * *
The black bear barely misses you.
You hit the black bear but do no damage.
The black bear is severely wounded.
The black bear bites you.
You die...

#############
#...[.......#
#...........#
#...........#
#...........#
#......h@...######
##...#####........
#...# #.#######.#
#...# #.#<......#
###...# #.#...#####
#.....# #...#.#
#.....#########.#
.......#..h..$....#
.......#.##########


You could see a black bear (berserk).

Vanquished Creatures
  An adder (D:2)
  An ooze (D:1)
  2 worms (D:2)
  A dart slug (D:1)
  2 giant cockroaches
  3 goblins
  2 hobgoblins
  4 jackals (D:1)
  3 kobolds (D:2)
  A ball python (D:2)
  4 bats
  5 frilled lizards
  13 rats
42 creatures vanquished.

Notes
Turn   | Place    | Note
-------+----------+-------------------------------------------
     0 | D:1      | Klosterheim the Draconian Air Elementalist began the quest for the Orb.
     0 | D:1      | Reached XP level 1. HP: 14/14 MP: 3/3
   407 | D:1      | Reached XP level 2. HP: 17/20 MP: 0/5
  1037 | D:1      | Reached skill level 4 in Air Magic
  1138 | D:1      | Reached XP level 3. HP: 26/26 MP: 3/6
  2218 | D:2      | Found a stormy altar of Qazlal.
  2599 | D:3      | Noticed a black bear
  2618 | D:2      | Learned a level 2 spell: Swiftness
  2650 | D:3      | HP: 1/26 [black bear (6)]
  2651 | D:3      | Slain by a black bear

Vault maps used:
D:1:      kennysheep_arrival_forest
D:2:      lemuel_doored_altar, grunt_ministairs_11, kennysheep_generic_room_6
D:3:      kennysheep_big_flooded_room, first_bread

Skill      XL: |  1  2 |
---------------+-------+-----
Air Magic      | 4 |  4.3
Dodging        | |  1.7
Stealth        | |  1.7
Spellcasting   | |  2.5
Conjurations   | |  1.3

Action                   || total
-------------------------++-------
Melee: Unarmed           ||    30
       Tailslap          ||     2
       Dagger            ||     6
 Cast: Shock             ||    95
  Use: Scroll            ||     2
       Potion            ||     1
  Eat: Chunk             ||     7
Armor: Skin              ||    32
Dodge: Dodged            ||    57
